 Dungeon Crawl Stone Soup version 0.23.2-33-g5129a83184 (webtiles) character file.

Game seed: 12095053772776884092

97 AarnesTheHuman the Skirmisher (level 4, -1/38 HPs)
             Began as a Barachi Fighter on Aug 6, 2019.
             Slain by a sky beast (4 damage)
             ... on level 4 of the Dungeon.
             The game lasted 00:03:08 (1609 turns).

AarnesTheHuman the Skirmisher (Barachi Fighter)     Turns: 1609, Time: 00:03:08

Health: -1/38      AC:  7    Str: 24    XL:     4   Next: 68%
Magic:  4/4        EV:  7    Int:  8    God:
Gold:   159        SH: 10    Dex: 11    Spells: 3/3 levels left

rFire    . . .     SeeInvis .   a - +0 long sword
rCold    . . .     Gourm    .   c - +0 shield
rNeg     . . .     Faith    .   b - +0 scale mail
rPois    .         Spirit   .   (no helmet)
rElec    .         Reflect  .   (no cloak)
rCorr    .         Harm     .   (no gloves)
MR       .....                  (no boots)
Stlth    ..........             (no amulet)
HPRegen  0.12/turn              (no ring)
MPRegen  0.09/turn              (no ring)

@: mighty, lethally poisoned (-1 -> -4), slow
A: +LOS, swims, slowness 1, strong legs 1
a: Hop


You were on level 4 of the Dungeon.
You were not hungry.

You visited 1 branch of the dungeon, and saw 5 of its levels.

You collected 159 gold pieces.

Inventory:

Hand Weapons
 a - a +0 long sword (weapon)
 j - a +2 short sword of speed
 m - a +1 whip of draining
Armour
 b - a +0 scale mail (worn)
 c - a +0 shield (worn)
Jewellery
 q - a +2 ring of evasion {unknown}
Scrolls
 e - a scroll of enchant weapon {unknown}
 f - a scroll of remove curse {unknown}
 h - 6 scrolls of identify {unknown}
 i - 2 scrolls of teleportation {unknown}
 p - a scroll of noise {unknown}
Potions
 k - a potion of lignification {unknown}
 l - a potion of agility {unknown}
Comestibles
 n - a ration
 o - a chunk of flesh


   Skills:
 + Level 4.4 Fighting
 + Level 3.5 Long Blades
 + Level 4.4 Armour
 + Level 4.0 Shields


You had 3 spell levels left.
You didn't know any spells.
Your spell library was empty.

Dungeon Overview and Level Annotations

Branches:
Dungeon (5/15)
 Temple: D:4-7

Altars:
Makhleb

Shops:
D:4 =   D:5 }


Innate Abilities, Weirdness & Mutations

Shadows flee at your approach. (+LOS)
You can swim through water.
You cover ground slowly.
You can hop short distances.


Message History

You open the door. Something hits you. Something shocks you.
* * * LOW HITPOINT WARNING * * *
A worker ant comes into view.
There is an open door here.
You barely miss the worker ant. You block the worker ant's attack.
Something hits you but does no damage. The worker ant bites you.
* * * LOW HITPOINT WARNING * * *
You are poisoned.
The worker ant poisons you!
You feel much better.
You feel sick. Something hits you. Something shocks you.
The worker ant bites you.
You feel very mighty all of a sudden. Something hits you. Something shocks you.
* * * LOW HITPOINT WARNING * * *
You block the worker ant's attack.
You barely miss something.
You feel sick. The worker ant bites you.
* * * LOW HITPOINT WARNING * * *
Something hits you but does no damage. You block the worker ant's attack.
Something hits you.
You die...

#. #.. #.. #...
#.... #####
#....##...###
#...........#
#...........#
#.....a@....#
#....###{###....
#....##...# ##
#.........##...#
#..............#
#......>.......#
##...##...##...#
#### #...# ...#
..∩.# ..#


You could see a worker ant.

Vanquished Creatures
  An iguana (D:5)
  3 adders (D:2)
  4 oozes
  A dart slug (D:1)
  5 bats
  3 giant cockroaches
  2 goblins (D:1)
  3 hobgoblins (D:1)
  2 frilled lizards
  3 kobolds
  A rat (D:1)
28 creatures vanquished.

Notes
Turn   | Place    | Note
-------+----------+-------------------------------------------
     0 | D:1      | AarnesTheHuman the Barachi Fighter began the quest for the
                  | Orb.
     0 | D:1      | Reached XP level 1. HP: 18/18 MP: 1/1
   125 | D:1      | Reached XP level 2. HP: 16/25 MP: 2/2
   610 | D:1      | Reached XP level 3. HP: 30/30 MP: 3/3
  1074 | D:2      | Found a burning altar of Makhleb.
  1150 | D:2      | Reached XP level 4. HP: 29/37 MP: 4/4
  1252 | D:2      | Found a faded altar of an unknown god.
  1545 | D:3      | You fall through a shaft for 2 floors!
  1545 | D:5      | Entered Level 5 of the Dungeon
  1550 | D:5      | Noticed a sky beast
  1562 | D:5      | Found Qunegas's Gadget Emporium.
  1581 | D:4      | Found Bebova's Jewellery Shop.
  1609 | D:4      | Slain by a sky beast

Skill      XL: |  1  2  3  4 |
---------------+-------------+-----
Fighting       | 4 |  4.4
Armour         | 4 |  4.4
Long Blades    | 3 |  3.5
Shields        | 4 |  4.0

Action                   |  1- 3 |  4- 6 || total
-------------------------+-------+-------++-------
Melee: Long sword        |   106 |    34 ||   140
  Use: Potion            |     1 |     4 ||     5
  Eat: Ration            |       |     1 ||     1
Armor: Scale mail        |    56 |    23 ||    79
Dodge: Dodged            |    42 |     7 ||    49
Block: Shield            |    47 |    20 ||    67
       Rpst.: Long sword |     9 |     2 ||    11
